 Dungeon Sprint DCSS version 0.28-a0-29-g0adfcbbeba (webtiles) character file.

Game seed: 4398273888952599171

296 Conn the Arsonist (level 6, 0/36 HPs)
             Began as an Octopode Fire Elementalist on July 27, 2021.
             Was an Initiate of Sif Muna.
             Slain by a slime creature (11 damage)
             ... in the Dungeon (Sprint I: "Red Sonja").
             The game lasted 00:05:00 (483 turns).

Conn the Arsonist (Octopode Fire Elementalist)       Turns: 483, Time: 00:05:01

Health: 0/36       AC:  8    Str:  7    XL:     6   Next: 34%
Magic:  0/12       EV: 14    Int: 20    God:    Sif Muna [......]
Gold:   162        SH:  0    Dex: 12    Spells: 3/14 levels left

rFire   . . .      SeeInvis .   b - +1 scythe (protect)
rCold   . . .      Faith    .   (shield currently unavailable)
rNeg    . . .      Spirit   .   (helmet restricted)
rPois   .          Reflect  .   (no amulet)
rElec   .          Harm     .   (no ring)
rCorr   .          Rampage  .   (no ring)
Will    .....      NoTele   +   (no ring)
Stlth   ++++......              (no ring)
HPRegen 0.12/turn               (no ring)
MPRegen 0.13/turn               (no ring)
                                (no ring)
                                (no ring)

@: under a protective aura
A: almost no armour, amphibious, 8 rings, camouflage 1, gelatinous body 1,
(nimble swimmer 1), tentacles
a: Renounce Religion


You were in the Dungeon.
You worshipped Sif Muna.
Sif Muna was noncommittal.
You visited 1 branch You collected 162 gold pieces.

Inventory:

Hand Weapons
 b - a +1 scythe of protection (weapon)
Scrolls
 f - a scroll of blinking
Potions
 c - a potion of haste
 d - 2 potions of magic


   Skills:
 + Level 3.9 Dodging
 + Level 4.5 Stealth
 + Level 4.5 Spellcasting
 * Level 4.5 Conjurations
 - Level 3.5 Hexes
 * Level 10.0 Fire Magic


You had 3 spell levels left.
You knew the following spells:

 Your Spells              Type           Power      Damage    Failure   Level
a - Foxfire               Conj/Fire      100%       2x1d9     1%          1
b - Conjure Flame         Conj/Fire      33%        6-21      1%          3
c - Inner Flame           Hex/Fire       31%        N/A       2%          3
d - Sticky Flame          Conj/Fire      33%        2d5       6%          4

Your spell library contained the following spells:

 Spells                   Type           Power      Damage    Failure   Level
 Fireball                 Conj/Fire      16%        3d8       17%         5


Dungeon Overview and Level Annotations

Branches:
Dungeon (1/1)

Altars:
Makhleb
Sif Muna
Vehumet
Wu Jian
Xom
Jiyva
Lugonu


Innate Abilities, Weirdness & Mutations

You cannot wear most types of armour.
You are amphibious.
You can wear up to eight rings at the same time.
Your skin changes colour to match your surroundings (Stealth+).
Your rubbery body absorbs attacks. (AC +1, EV +1)
((You are camouflaged near water. (Stealth+)))
You have tentacles for arms and can constrict up to eight enemies at once.


Message History

Confirm with . or Enter, or press ? or * to list all spells.
The spell is quite dangerous to cast (6% risk of failure)!
Continue anyway?
Okay, then.
Casting: Sticky Flame (quite dangerous; 6% risk of failure)
Confirm with . or Enter, or press ? or * to list all spells.
The spell is quite dangerous to cast (6% risk of failure)!
Continue anyway?
Aiming: Sticky Flame (quite dangerous; 6% risk of failure)
Press: ? - help, Shift-Dir - straight line, f/p - slime creature
Aim: a slime creature (heavily wounded, 100% to hit)
The sticky flame hits the slime creature.
The slime creature is severely wounded.
The slime creature is covered in liquid flames!
The slime creature burns!
The slime creature hits you.
* * * LOW HITPOINT WARNING * * *
The slime creature burns!
The slime creature burns!
The slime creature stops burning.
There is an open door here.
The slime creature barely misses you.
There is an open door here.
There is an open door here.
You see here 12 bolts.
You see here a +0 hunting sling.
There is an ornate altar of the Wu Jian Council here.
Okay, then.
Casting: Sticky Flame (quite dangerous; 6% risk of failure)
Confirm with . or Enter, or press ? or * to list all spells.
The spell is quite dangerous to cast (6% risk of failure)!
Continue anyway?
Aiming: Sticky Flame (quite dangerous; 6% risk of failure)
Press: ? - help, Shift-Dir - straight line, f/p - slime creature
Aim: a slime creature (severely wounded, 100% to hit)
The sticky flame hits the slime creature!
The slime creature is severely wounded.
The slime creature is covered in liquid flames!
The slime creature burns!
The slime creature barely misses you.
You hit the slime creature.
Your weapon exudes an aura of protection.
The slime creature is almost dead.
The slime creature burns! x2; The slime creature barely misses you.
The slime creature hits you!
You die...

###################
#<.#..'..#..'..#__#
#..').#..'..#..'..+
#.[#####'#####'#__#
#..# #..# #(# ##
#..# #### ##)# #..#
#+#_.+ #⌠⌠# +@J._#
#### #_.#+# ##+#


You could see a slime creature (burning).

Vanquished Creatures
  Sigmund (D)
  An ogre (D)
  A jelly (D)
  Ijyb (D)
4 creatures vanquished.

Vanquished Creatures (others)
  38 foxfires (D)
38 creatures vanquished.

Grand Total: 42 creatures vanquished

Notes
Turn   | Place    | Note
-------+----------+-------------------------------------------
     0 | D        | Conn the Octopode Fire Elementalist began the quest for the
                  | Orb.
     0 | D        | Reached XP level 1. HP: 11/11 MP: 3/3
     2 | D        | Noticed Ijyb
    14 | D        | Killed Ijyb
    15 | D        | Reached skill level 5 in Fire Magic
    15 | D        | Reached XP level 2. HP: 17/17 MP: 1/5
    15 | D        | Reached XP level 3. HP: 21/21 MP: 1/6
    61 | D        | Learned a level 3 spell: Conjure Flame
    65 | D        | Learned a level 3 spell: Inner Flame
    69 | D        | Noticed an ogre
    84 | D        | Killed an ogre
    85 | D        | Reached skill level 7 in Fire Magic
    85 | D        | Reached XP level 4. HP: 27/27 MP: 0/9
   174 | D        | Noticed Sigmund
   247 | D        | Killed Sigmund
   248 | D        | Reached skill level 9 in Fire Magic
   248 | D        | Reached XP level 5. HP: 22/31 MP: 1/11
   248 | D        | Reached XP level 6. HP: 26/36 MP: 1/12
   344 | D        | Learned a level 4 spell: Sticky Flame
   381 | D        | Found a shimmering blue altar of Sif Muna.
   382 | D        | Found an ornate altar of the Wu Jian Council.
   383 | D        | Found a radiant altar of Vehumet.
   387 | D        | Became a worshipper of Sif Muna the Loreminder
   400 | D        | Reached skill level 10 in Fire Magic
   437 | D        | Found a burning altar of Makhleb.
   437 | D        | Found a viscous altar of Jiyva.
   437 | D        | Found a shimmering altar of Xom.
   437 | D        | Found a corrupted altar of Lugonu.
   437 | D        | Noticed a slime creature
   483 | D        | Slain by a slime creature

Illustrated notes

Levels and vault maps discovered:
D:        dungeon_sprint_1 [red_sonja_temple_1, red_sonja_temple_small_1]

Skill      XL: |  1  2  3  4  5  6 |
---------------+-------------------+-----
Stealth        | 3 4 |  4.5
Conjurations   | 2 3 4 |  4.5
Fire Magic     | 5 7 9 10 | 10.0
Dodging        | 3 |  3.9
Spellcasting   | 3 4 |  4.5
Hexes          | 2 3 |  3.5

Action                   |  1- 3 |  4- 6 || total
-------------------------+-------+-------++-------
Melee: Unarmed           |     6 |       ||     6
       Constrict         |     1 |       ||     1
       Scythe            |       |     1 ||     1
 Cast: Foxfire           |     6 |    15 ||    21
       Conjure Flame     |     1 |     3 ||     4
       Inner Flame       |       |     2 ||     2
       Sticky Flame      |       |     2 ||     2
  Use: Potion            |     1 |     2 ||     3
Dodge: Dodged            |     2 |     4 ||     6

Table legend: (Time is in decaauts)
 A = Elapsed time spent in this place.
 B = Non-inter-level travel time spent in this place.
 C = Inter-level travel time spent in this place.
 D = Time resting spent in this place.
 E = Time spent auto-exploring this place.
 F = Levels seen in this place.
 G = Mean time per level.
                   A        B        C        D        E       F      G
               +--------+--------+--------+--------+--------+-----+--------+
         Total |    488 |    488 |      0 |    114 |    114 |   1 |  488.0 |
       Dungeon |    488 |    488 |      0 |    114 |    114 |   1 |  488.0 |
               +--------+--------+--------+--------+--------+-----+--------+

Top non-repeatable levels by time:
       D: 488 daAuts
